 Dungeon Crawl Stone Soup version 0.25.1-9-gc5326a611f (webtiles) character file.

Game seed: 8970938373624548506

61 raceaflais the Slasher (level 3, 0/33 HPs)
             Began as a Minotaur Monk on Dec 29, 2020.
             Slain by a gnoll
             ... wielding a +0 whip
              (7 damage)
             ... on level 2 of the Dungeon.
             The game lasted 00:06:13 (1597 turns).

raceaflais the Slasher (Minotaur Monk)              Turns: 1597, Time: 00:06:13

Health: 0/33       AC:  6    Str: 17 (18) XL:     3   Next: 83%
Magic:  2/2        EV: 11    Int:  4 (7)  God:
Gold:   112        SH:  0    Dex: 12 (14) Spells: 2/2 levels left

rFire    . . .     SeeInvis .   a - +1 falchion
rCold    . . .     Gourm    .   (no shield)
rNeg     . . .     Faith    .   d - +0 scale mail
rPois    .         Spirit   .   (helmet restricted)
rElec    .         Reflect  .   (no cloak)
rCorr    .         Harm     .   (no gloves)
MR       .....                  (no boots)
Stlth    ..........             (no amulet)
HPRegen  0.11/turn              (no ring)
MPRegen  0.08/turn              (no ring)

@: no status effects
A: retaliatory headbutt, horns 2, agile 1, deterioration 1, strong 1, MP-powered
wands
a: no special abilities


You were on level 2 of the Dungeon.
You were not hungry.

You visited 1 branch of the dungeon, and saw 2 of its levels.

You collected 112 gold pieces.

Inventory:

Hand Weapons
 a - a +1 falchion (weapon)
Missiles
 g - 74 stones (quivered)
Armour
 b - a +0 robe
 d - a +0 scale mail (worn)
Scrolls
 f - a scroll of remove curse
 i - a scroll of teleportation
Comestibles
 c - 3 rations
 m - 6 chunks of flesh


   Skills:
 + Level 4.2 Fighting
 + Level 4.7 Long Blades
 + Level 0.3 Armour
 + Level 3.7 Dodging
 + Level 2.0 Stealth


You had 2 spell levels left.
You didn't know any spells.
Your spell library was empty.

Dungeon Overview and Level Annotations

Branches:
Dungeon (2/15)

Altars:


Innate Abilities, Weirdness & Mutations

You reflexively headbutt those who attack you in melee.
You have a pair of horns on your head.
You are agile. (Dex +2)
Your body sometimes deteriorates upon taking damage.
Your muscles are strong. (Str +2)
You expend magic power (3 MP) to strengthen your wands.


Message History

You are too injured to fight recklessly!
You are too injured to fight recklessly!
You are too injured to fight recklessly!
You are too injured to fight recklessly!
You are too injured to fight recklessly!
You are too injured to fight recklessly!
You are too injured to fight recklessly!
You are too injured to fight recklessly!
The gnoll hits you with a +0 whip.
* * * LOW HITPOINT WARNING * * *
Really quaff the potion of mutation?
You feel extremely strange.
You feel less resistant to poisons.
You feel stupid.
You feel agile.
You feel yourself wasting away.
You feel stronger.
You feel your magical essence link to the dungeon's wands.
The gnoll hits you but does no damage.
You hit the gnoll but do no damage.
The gnoll is moderately wounded.
The gnoll hits you with a +0 whip!
You die...

*,** **,,* #...#
**,,***,,,* #...#
,,,*,*,**,* #...#
*****,***,* ##.##
*** *,* #.# *,* #.#
*,* ####.#
#.#####g##.#
#...gg.#@#.#
********#.###S###..#
,,,,,,,,,,,..## ##.#
*****,****###,***.##
,,,,,,* **,*,#*
******* **,** *,*
*,* *,*


You could see a gnoll.

Vanquished Creatures
  2 adders (D:2)
  A worm (D:2)
  3 leopard geckos
  3 bats
  3 goblins
  7 hobgoblins
  4 jackals (D:2)
  4 kobolds
  4 frilled lizards
  5 rats
36 creatures vanquished.

Notes
Turn   | Place    | Note
-------+----------+-------------------------------------------
     0 | D:1      | raceaflais the Minotaur Monk began the quest for the Orb.
     0 | D:1      | Reached XP level 1. HP: 19/19 MP: 0/0
   227 | D:1      | Reached XP level 2. HP: 25/27 MP: 1/1
   990 | D:2      | Gained mutation: You are clumsy. (Dex -2) [potion of
                  | mutation]
   990 | D:2      | Gained mutation: You are partially covered in yellow
                  | scales. (AC +2) [potion of mutation]
  1086 | D:2      | Reached XP level 3. HP: 26/33 MP: 2/2
  1586 | D:2      | Lost mutation: You are clumsy. (Dex -2) [potion of
                  | mutation]
  1586 | D:2      | Lost mutation: You are partially covered in yellow scales.
                  | (AC +2) [potion of mutation]
  1586 | D:2      | Gained mutation: You are weak. (Str -2) [potion of
                  | mutation]
  1586 | D:2      | Gained mutation: Your mind is acute. (Int +2) [potion of
                  | mutation]
  1586 | D:2      | Lost mutation: You are weak. (Str -2) [potion of mutation]
  1586 | D:2      | Gained mutation: Your system is resistant to poisons.
                  | (rPois) [potion of mutation]
  1596 | D:2      | Lost mutation: Your system is resistant to poisons. (rPois)
                  | [potion of mutation]
  1596 | D:2      | Lost mutation: Your mind is acute. (Int +2) [potion of
                  | mutation]
  1596 | D:2      | Gained mutation: You are agile. (Dex +2) [potion of
                  | mutation]
  1596 | D:2      | Gained mutation: Your body sometimes deteriorates upon
                  | taking damage. [potion of mutation]
  1596 | D:2      | Gained mutation: Your muscles are strong. (Str +2) [potion
                  | of mutation]
  1596 | D:2      | Gained mutation: You expend magic power (3 MP) to
                  | strengthen your wands. [potion of mutation]
  1597 | D:2      | Slain by a gnoll

Illustrated notes

Levels and vault maps discovered:
D:1:      dpeg_arrival_tiny_c, layout_loops_ring, serial_rivers,
          chequers_serial_rivers_marsh, chequers_serial_rivers_large_a,
          chequers_serial_rivers_micro_d, chequers_serial_rivers_micro_c,
          chequers_serial_rivers_small_3, chequers_serial_rivers_micro_c
D:2:      layout_loops_ring, uniq_terence

Skill      XL: |  1  2  3 |
---------------+----------+-----
Long Blades    | 4 |  4.7
Fighting       | 4 |  4.2
Stealth        | 2 |  2.0
Armour         | |  0.3
Dodging        | |  3.7

Action                   || total
-------------------------++-------
Melee: Falchion          ||    78
       Headbutt          ||     5
  Use: Scroll            ||     7
       Potion            ||     5
 Stab: Sleeping          ||     1
       Invisible         ||     1
  Eat: Chunk             ||     2
Armor: Robe              ||     2
       Scale mail        ||    20
Dodge: Dodged            ||    43
       Rpst.: Falchion   ||    13
